 Dungeon Crawl Stone Soup version 0.28.0-53-g5a82cb258f (webtiles) character file.

Game seed: 7230849430668416595

7788 jamesp the Unseen (level 11, -11/53 HPs)
             Began as a Vine Stalker Brigand on July 27, 2022.
             Was a Priest of Dithmenos.
             Mangled by a large abomination (34 damage)
             ... on level 9 of the Dungeon on July 29, 2022.
             The game lasted 00:59:29 (9238 turns).

jamesp the Unseen (Vine Stalker Brigand)            Turns: 9238, Time: 00:59:29

Health: -11/53     AC: 12    Str: 14    XL:     11   Next: 20%
Magic:  0/14       EV: 15    Int: 13    God:    Dithmenos [***...]
Gold:   659        SH:  5    Dex: 20    Spells: 8/10 levels left

rFire   . . .      SeeInvis +   a - +2 dagger (chaos)
rCold   x . .      Faith    .   (no shield)
rNeg    . . .      Spirit   +   T - +2 leather armour of Greed {rF- rCorr Dex+2 Stlth+}
rPois   +          Reflect  +   z - +2 helmet
rElec   .          Harm     +   Q - +2 cloak of the Cockatrice {Harm Rampage rPois rC-}
rCorr   +          Rampage  +   (no gloves)
Will    +....                   N - +0 pair of boots Stlth *+++++++++
                                F - amulet of reflection
HPRegen 0.97/turn               n - ring of protection from fire
MPRegen 0.14/turn               U - ring of see invisible

@: wreathed by umbra
A: fangs 3, regeneration 1, magic shield, antimagic bite, no potion heal 2
a: Renounce Religion, Shadow Step


You were on level 9 of the Dungeon.
You worshipped Dithmenos.
Dithmenos was most pleased with you.
You visited 2 branches of the dungeon, and saw 11 of its levels.

You collected 659 gold pieces.

Inventory:

Hand Weapons
 a - a +2 dagger of chaos (weapon)
 m - a +0 dagger of draining
 y - a +0 hunting sling
 Y - the +0 short sword "Toaqoi" {vorpal, rF- rN+ Int+5}
   (You found it on level 8 of the Dungeon)

   It inflicts extra damage upon your enemies.
   Int:       It affects your intelligence (+5).
   rF:        It makes you vulnerable to fire.
   rN:        It protects you from negative energy.
Missiles
 d - 22 poisoned darts
 f - 211 stones
 j - 75 sling bullets
 o - 4 javelins
 r - 51 bolts
 u - 3 boomerangs of dispersal
 A - 154 arrows
 E - a curare-tipped dart (quivered)
 K - 8 boomerangs
Armour
 v - an orb of wrath
 w - a +2 leather armour of poison resistance
 z - a +2 helmet (worn)
 D - a +2 robe of resistance
 N - a +0 pair of boots (worn)
 Q - the +2 cloak of the Cockatrice (worn) {Harm Rampage rPois rC-}
   (You found it on level 7 of the Dungeon)

   rC:        It makes you vulnerable to cold.
   rPois:     It protects you from poison.
   Harm:      It increases damage dealt and taken.
   Rampage:   It bestows one free step when moving towards enemies.
 R - a +0 kite shield
 T - the +2 leather armour of Greed (worn) {rF- rCorr Dex+2 Stlth+}
   (You found it on level 7 of the Dungeon)

   Dex:       It affects your dexterity (+2).
   rF:        It makes you vulnerable to fire.
   rCorr:     It protects you from acid and corrosion.
   Stlth:     It makes you more stealthy.
 W - a +0 robe of willpower
Magical Staves
 G - a staff of cold
Jewellery
 n - a ring of protection from fire (left hand)
 F - an amulet of reflection (around neck)
 U - a ring of see invisible (right hand)
 Z - the dreamshard necklace {*Dream Drain}
   (You found it on level 9 of the Dungeon)

   [amulet of nothing]

   It shatters if its wearer takes lethal or near-lethal damage, preventing the
   blow and releasing protective dreams that heal and fight for the wearer.
   Drain:     It drains your maximum health when unequipped.
Wands
 x - a wand of iceblast (21)
 B - a wand of flame (19)
 I - a wand of polymorph (7)
 P - a wand of charming (3)
Scrolls
 g - a scroll of fog {unknown}
 h - 4 scrolls of noise {unknown}
 k - a scroll of identify
 l - a scroll of summoning {unknown}
 p - a scroll of vulnerability {unknown}
 q - 2 scrolls of teleportation
 s - a scroll of blinking {unknown}
 J - a scroll of torment {unknown}
 M - 2 scrolls of fear {unknown}
Potions
 b - a potion of invisibility {unknown}
 c - a potion of resistance {unknown}
 e - a potion of heal wounds
 i - 7 potions of curing
 t - a potion of magic
 H - a potion of degeneration {unknown}
 L - a potion of berserk rage {unknown}
 S - a potion of attraction {unknown}
 X - a potion of flight {unknown}


   Skills:
 - Level 4.1 Fighting
 + Level 7.2 Short Blades
 - Level 7.0 Throwing
 + Level 2.4 Armour
 - Level 6.0 Dodging
 - Level 16.7 Stealth
 + Level 3.4 Invocations


You had 8 spell levels left.
You knew the following spells:

 Your Spells              Type           Power      Damage    Failure   Level
a - Static Discharge      Conj/Air       0%         N/A       50%         2

Your spell library contained the following spells:

 Spells                   Type           Power      Damage    Failure   Level
 Animate Skeleton         Necr           0%         N/A       36%         1
 Beastly Appendage        Tmut           0%         N/A       36%         1
 Freeze                   Ice            0%         1d3       36%         1
 Magic Dart               Conj           0%         1d3       36%         1
 Pain                     Necr           0%         1d4       36%         1
 Call Imp                 Summ           0%         N/A       50%         2
 Wereblood                Tmut           0%         N/A       50%         2
 Dazzling Flash           Conj/Hex       0%         N/A       75%         3
 Frozen Ramparts          Ice            0%         1d2       75%         3
 Mephitic Cloud           Conj/Pois/Air  0%         N/A       75%         3
 Spider Form              Tmut/Pois      0%         N/A       75%         3
 Vampiric Draining        Necr           0%         2d6       75%         3
 Hailstorm                Conj/Ice       0%         3d3       98%         4
 Iskenderun's Mystic Bla  Conj/Tloc      0%         2d3       98%         4
 Lightning Bolt           Conj/Air       0%         1d11      100%        5
 Starburst                Conj/Fire      0%         6d3       100%        6
 Maxwell's Capacitive Co  Air            0%         ∞         100%        8


Dungeon Overview and Level Annotations

Branches:
Dungeon (10/15)            Temple (1/1) D:7             Orc (0/2) D:10
   Lair: D:8-11

Altars:
Ashenzari
Cheibriados
Dithmenos
Fedhas
Gozag
Hepliaklqana
Kikubaaqudgha
Makhleb
Nemelex Xobeh
Okawaru
Qazlal
Ru
Sif Muna
Trog
Uskayaw
Vehumet
Wu Jian
Xom
Yredelemnul
Zin
The Shining One

Annotations:
D:3 1 runed translucent door, DemonSlayer's ghost, amateur DsFE
D:4 2 transporters, 0gre's ghost, amateur GnIE


Innate Abilities, Weirdness & Mutations

You have razor-sharp teeth.
Your natural rate of healing is unusually fast.
When hurt, damage is shared between your health and your magic reserves.
Your bite disrupts and absorbs the magic of your enemies.
Potions cannot restore your health.


Message History

The large abomination barely misses you.
The large abomination hits you but does no damage.
Things that are here:
a +0 flail; a +0 leather armour Your surroundings suddenly seem different.
There is an escape hatch in the ceiling here.
You start resting.
HP restored.
You start resting.
Magic restored.
You open the door.
There is an open door here.
You close the door.
Unknown command.
You close the door.
You see here a +0 leather armour.
There is an open door here.
There is an open door here.
You rampage towards the large abomination!
You closely miss the large abomination.
The large abomination closely misses you.
You hit the large abomination but do no damage.
You hit the large abomination.
Space warps horribly around the large abomination!
You bite the large abomination! You drain its power.
The large abomination is severely damaged.
The large abomination hits you!
You hit the large abomination but do no damage.
You bite the large abomination. You drain its power.
You feel invigorated.
The large abomination is severely damaged.
The large abomination hits you!!
You hit the large abomination but do no damage.
The large abomination seems to speed up.
Your bite misses the large abomination.
The large abomination is severely damaged.
You hit the large abomination but do no damage.
The large abomination is severely damaged.
The large abomination hits you!!
Ouch! That really hurt!
You die...

#.# #...#.......# #. #.#
#########.### #. #.# ##..# ## #.#
####..## #. ##+##### #....## ##'
#......# ##'######### #..
##......# #..........# #..
##......#### #..........# ###..
.+......'..####.@X.......####.'..
##....[.##....'..........'....#..
#......#######........<.######..
#......# #..........# #..
#.....># #..........# #..
######## #..........# ###
#..........# ## ########..## ##.
#######...## #..


You could see a large abomination (fast).

Vanquished Creatures
  3 large abominations (D:9)
  Pikel (D:4)
  A wizard (D:9)
  A centaur zombie (D:9)
  Psyche (D:8)
  5 small abominations (D:9)
  A shadow (D:7)
  5 wyverns
  A water moccasin (D:7)
  6 orc warriors
  An ice beast (D:7)
  2 necrophages (D:7)
  2 black bears
  4 ogres
  4 centaurs
  A lemure (D:3)
  A kobold brigand (D:9)
  2 bullfrogs
  A scorpion (D:7)
  A gnoll sergeant (D:10)
  A water moccasin zombie (D:5)
  10 killer bees
  3 wights
  2 howler monkeys
  A bullfrog zombie (D:6)
  3 jellies
  5 hounds
  12 orc priests
  A bullfrog skeleton (D:6)
  A centaur skeleton (D:7)
  Jessica (D:3)
  Ijyb (D:4)
  4 iguanas
  5 orc wizards
  A killer bee zombie (D:8)
  A hound skeleton (D:5)
  5 adders
  8 gnolls
  A shadow imp (D:5)
  A white imp (D:7)
  5 worms
  4 dart slugs
  53 orcs
  7 bats
  7 endoplasms
  A giant cockroach (D:3)
  6 goblins
  2 hobgoblins
  8 jackals (D:4)
  3 quokkas
  4 ball pythons
  15 kobolds
  8 rats
234 creatures vanquished.

Vanquished Creatures (collateral kills)
  5 orcs (D:9)
5 creatures vanquished.

Vanquished Creatures (others)
  An orc warrior (D:9)
  9 plants
10 creatures vanquished.

Grand Total: 249 creatures vanquished

Notes
Turn   | Place    | Note
-------+----------+-------------------------------------------
     0 | D:1      | jamesp the Vine Stalker Brigand began the quest for the
                  | Orb.
     0 | D:1      | Reached XP level 1. HP: 11/11 MP: 2/2
   203 | D:1      | Found a faded altar of an unknown god.
   219 | D:1      | Reached skill level 5 in Stealth
   224 | D:1      | Reached XP level 2. HP: 11/15 MP: 1/3
   657 | D:1      | Reached XP level 3. HP: 18/18 MP: 4/4
  1124 | D:2      | Gained mutation: Your natural rate of healing is unusually
                  | fast. [Vine Stalker growth]
  1124 | D:2      | Reached XP level 4. HP: 16/23 MP: 3/5
  1357 | D:3      | Noticed Jessica
  1571 | D:3      | Found a runed translucent door.
  1572 | D:3      | Noticed DemonSlayer's ghost (amateur DsFE)
  1752 | D:2      | Reached skill level 6 in Stealth
  1752 | D:2      | Reached XP level 5. HP: 14/26 MP: 3/6
  1922 | D:3      | Killed Jessica
  1963 | D:3      | Reached skill level 7 in Stealth
  2064 | D:2      | Reached XP level 6. HP: 22/30 MP: 7/7
  2339 | D:4      | Found a sparkling altar of Nemelex Xobeh.
  2395 | D:4      | Noticed a black bear
  2404 | D:4      | Killed a black bear
  2405 | D:4      | Reached skill level 8 in Stealth
  2494 | D:3      | Reached XP level 7. HP: 33/34 MP: 6/8
  2554 | D:5      | Entered Level 5 of the Dungeon
  2837 | D:4      | Found a transporter.
  2856 | D:4      | Noticed 0gre's ghost (amateur GnIE)
  2884 | D:4      | Noticed Pikel
  3119 | D:4      | Killed Pikel
  3120 | D:4      | Reached skill level 5 in Throwing
  3120 | D:4      | Reached skill level 10 in Stealth
  3120 | D:4      | Gained mutation: You have razor-sharp teeth. [Vine Stalker
                  | growth]
  3120 | D:4      | Reached XP level 8. HP: 11/40 MP: 5/9
  3239 | D:4      | Found a transporter.
  3275 | D:4      | Noticed Ijyb
  3283 | D:4      | Killed Ijyb
  3627 | D:5      | Reached skill level 11 in Stealth
  3875 | D:5      | Noticed a komodo dragon
  4153 | D:6      | Reached skill level 1 in Dodging
  4210 | D:6      | Found an ancient bone altar of Kikubaaqudgha.
  4210 | D:6      | Found a blossoming altar of Fedhas.
  4565 | D:6      | Learned a level 2 spell: Static Discharge
  4727 | D:6      | Found a bloodstained altar of Trog.
  4782 | D:5      | Reached skill level 12 in Stealth
  4991 | D:6      | Reached XP level 9. HP: 45/45 MP: 10/10
  5096 | D:7      | Found a staircase to the Ecumenical Temple.
  5264 | Temple   | Entered the Ecumenical Temple
  5334 | Temple   | Became a worshipper of Dithmenos the Shadowed
  5613 | D:7      | Reached skill level 13 in Stealth
  6120 | D:7      | Identified the +2 cloak of the Cockatrice {Harm Rampage
                  | rPois rC-}
  6205 | D:8      | Noticed Psyche
  6216 | D:7      | Reached skill level 14 in Stealth
  6353 | D:7      | Found a burning altar of Makhleb.
  6394 | D:7      | Reached * piety under Dithmenos
  6493 | D:7      | Identified the +2 leather armour of Greed {rF- rCorr Dex+2
                  | Stlth+}
  6678 | D:8      | Killed Psyche
  6679 | D:8      | Reached XP level 10. HP: 38/49 MP: 11/11
  6859 | D:7      | Reached skill level 5 in Short Blades
  6859 | D:7      | Reached skill level 15 in Stealth
  7300 | D:8      | Reached skill level 5 in Dodging
  7376 | D:8      | Identified the +0 short sword "Toaqoi" {vorpal, rF- rN+
                  | Int+5}
  7572 | D:9      | Reached ** piety under Dithmenos
  7645 | D:9      | Reached skill level 16 in Stealth
  7686 | D:9      | Found the dreamshard necklace {*Dream Drain}
  8057 | D:10     | Entered Level 10 of the Dungeon
  8406 | D:10     | Found a staircase to the Orcish Mines.
  8480 | D:10     | Reached *** piety under Dithmenos
  8571 | D:9      | Reached skill level 1 in Invocations
  8581 | D:9      | Noticed a wizard
  8659 | D:9      | Killed a wizard
  8660 | D:9      | Reached skill level 1 in Armour
  8660 | D:9      | Reached XP level 11. HP: 53/53 MP: 11/13
  8671 | D:9      | Noticed a large abomination
  8697 | D:9      | Killed a large abomination
  9007 | D:9      | Noticed a large abomination
  9238 | D:9      | Mangled by a large abomination

Illustrated notes

Levels and vault maps discovered:
D:1:      dpeg_arrival_rhombi, layout_basic, ebering_ecumenical_altar_mist
D:2:      layout_rooms
D:3:      layout_rooms, ebering_ghost_inner_flame, uniq_jessica
D:4:      layout_basic, mainiacjoe_overflow_tiny_flanked,
          gammafunk_ghost_abyssal_escape, minmay_surrounded, uniq_pikel,
          uniq_ijyb
D:5:      layout_rooms, minmay_small_thing
D:6:      layout_gridville, grunt_temple_overflow_growth_and_decay,
          trog_three_pillars_becter
D:7:      layout_basic, kennysheep_little_box,
          minmay_temple_entry_gardened_gates, minmay_crystal_water,
          minmay_misc_feat_secret_circle
D:8:      layout_cave_pools, uniq_psyche
D:9:      layout_roguey [special_room_orc], laboratory
D:10:     layout_cave_pods, elyvilon_altar_4, david_orc_3, serial_glass,
          glass_columns_a, glass_columns_a, glass_columns_a, glass_columns_a,
          wad_scary_box, uniq_maurice
Temple:   eino_temple_scatter_basement

Skill      XL: |  1  2  3  4  5  6  7  8  9 10 11 |
---------------+----------------------------------+-----
Short Blades   | 2 3 4 6 7 |  7.2
Throwing       | 2 3 4 5 6 7 |  7.0
Stealth        | 5 6 7 8 10 12 14 16 | 16.7
Fighting       | 3 4 |  4.1
Dodging        | 2 4 6 |  6.0
Invocations    | 2 3 |  3.4
Armour         | 1 2 |  2.4

Action                   |  1- 3 |  4- 6 |  7- 9 | 10-12 || total
-------------------------+-------+-------+-------+-------++-------
Melee: Dagger            |    73 |   140 |   363 |   266 ||   842
       Bite              |    18 |    44 |   113 |    90 ||   265
       Punch             |     2 |     3 |     5 |     4 ||    14
Throw: Stone             |    29 |    24 |    19 |     7 ||    79
       Dart              |       |       |    26 |    10 ||    36
Evoke: Wand              |       |       |     2 |     2 ||     4
  Use: Scroll            |       |       |     2 |     4 ||     6
 Stab: Sleeping          |    11 |     7 |    16 |    21 ||    55
       Distracted        |       |       |     2 |     5 ||     7
       Confused          |       |       |       |     1 ||     1
Armor: Robe              |     4 |       |       |       ||     4
       Leather armour    |    12 |    33 |    89 |    46 ||   180
Dodge: Dodged            |    29 |    70 |   210 |   107 ||   416
Block: Other             |       |       |    36 |    37 ||    73
       Reflection        |       |       |       |     5 ||     5
